 Dungeon Crawl Stone Soup version 0.16-a0-286-g6bac339 (webtiles) character file.

375 Kashira the Gusty (level 6, -4/33 HPs)
             Began as a Tengu Air Elementalist on Aug 28, 2014.
             Was an Initiate of Qazlal.
             Killed by divine providence
             ... invoked by an orc priest
              (14 damage)
             ... on Level 4 of the Dungeon.
             The game lasted 00:26:32 (4949 turns).

Kashira the Gusty (Tengu Air Elementalist)          Turns: 4949, Time: 00:26:32

HP  -4/33        AC  2     Str  8      XL: 6   Next: 73%
MP  14/17        EV 13     Int 16      God: Qazlal [......]
Gold 161         SH  0     Dex 18      Spells:  2 memorised, 10 levels left

rFire  . . .     SeeInvis .     t - +2 short sword (elec)
rCold  . . .     Clarity  .     a - +0 robe
rNeg   . . .     rCorr    .     (no shield)
rPois  .         rRot     .     (helmet restricted)
rElec  .         Spirit   .     (no cloak)
SustAb .         Warding  .     (no gloves)
rMut   .         Stasis   .     (boots unavailable)
Gourm  .                        (no amulet)
MR     .....                    u - +2 ring of dexterity
                                p - ring of wizardry

@: not resistant to hostile enchantments, unstealthy
A: able to fly, beak, talons 3
a: Fly, Renounce Religion


You were on level 4 of the Dungeon.
You worshipped Qazlal.
Qazlal was noncommittal.
You were not hungry.

You visited 2 branches of the dungeon, and saw 6 of its levels.

You collected 161 gold pieces.

Inventory:

Hand weapons
 t - a +2 short sword of electrocution (weapon)
 x - a +0 dagger
Missiles
 y - 5 tomahawks of returning (quivered)
Armour
 a - a +0 robe (worn)
Magical devices
 v - a wand of digging (12)
 C - a wand of fireball (4) {unknown}
Comestibles
 c - 4 bread rations
 j - a slice of pizza
 q - a beef jerky
 B - 3 chunks of ogre flesh
Scrolls
 e - 2 scrolls of identify
 h - a scroll of random uselessness {unknown}
 i - 2 scrolls of magic mapping
 m - 4 scrolls of remove curse {unknown}
 n - 3 scrolls of blinking
 s - a scroll of teleportation {unknown}
 z - a scroll of amnesia {unknown}
Jewellery
 p - a ring of wizardry (left hand)
 u - a +2 ring of dexterity (right hand)
 A - an uncursed ring of magical power
Potions
 d - a potion of invisibility {unknown}
 f - 2 potions of lignification {unknown}
 g - 2 potions of heal wounds {unknown}
 k - a potion of poison {unknown}
 l - 2 potions of restore abilities
 o - a potion of curing {unknown}
 r - a potion of haste {unknown}
 w - a potion of agility {unknown}
Books
 b - a book of Air

   Spells                             Type                      Level
   *Shock                             Conjuration/Air              1
   *Swiftness                         Charms/Air                   2
   Repel Missiles                     Charms/Air                   2
   Flight                             Charms/Air                   3
   Static Discharge                   Conjuration/Air              3
   Lightning Bolt                     Conjuration/Air              5


   Skills:
 + Level 0.6 Fighting
 + Level 2.8 Dodging
 + Level 2.4 Stealth
 + Level 4.1 Spellcasting
 + Level 4.0 Conjurations
 + Level 0.4 Charms
 + Level 5.9 Air Magic
 + Level 0.2 Evocations


You had 10 spell levels left.
You knew the following spells:

 Your Spells              Type           Power        Failure   Level  Hunger
a - Shock                 Conj/Air       ###.         1%          1    None
b - Swiftness             Chrm/Air       ##......     4%          2    ##.....


Dungeon Overview and Level Annotations

Branches:
Dungeon (5/15)             Temple (1/1) D:4

Altars:
Ashenzari
Fedhas
Gozag
Okawaru
Qazlal

Annotations:
D:3 Grinder
D:5 Dowan, Duvessa


Innate Abilities, Weirdness & Mutations

You can fly.
You have a beak for a mouth.
You have claws for feet.


Message History

Confirm with . or Enter, or press ? or * to list all spells.
Aiming: Shock
Press: ? - help, Shift-Dir - straight line, f/p - orc priest
Aim: an orc priest, wielding a dagger (lightly wounded)
The zap hits the orc priest.
The orc priest is heavily wounded.
The orc priest invokes the aid of Beogh against you.
Something smites you!
An orc comes into view. It is wielding a mace.
Casting: Shock
Confirm with . or Enter, or press ? or * to list all spells.
Aiming: Shock
Press: ? - help, Shift-Dir - straight line, f - orc, p - orc priest
Aim: an orc, wielding a mace (hasn't noticed you)
The zap hits the orc priest.
The orc priest is almost dead.
The zap misses the orc.
The orc priest mumbles some strange prayers to Beogh against you.
Something smites you!
You die...

..[....# #.# ##...⌠...
.......# #.########
###.###. .......#
#...P..... #.# ##
.......####...≈♣♣P##
#.#
##.##.........≈≈≈≈.#
#%# #.
#######..#≈P.#.# #..
#..###...# # #..#
###.#####.
####..###@$.......
#...........####..
...........###.#......
...................#
#########.##.##....#
#.##.# ###.# #.... .
####o


o You could see an orc priest and an orc.

Vanquished Creatures
  An ogre (D:4)
  A scorpion (D:3)
  An orc wizard (D:4)
  A sky beast zombie (D:3)
  Ijyb (D:3)
  Terence (D:3)
  5 adders
  4 worms
  7 giant geckos
  An ooze (D:1)
  9 orcs
  A ball python (D:2)
  11 goblins
  3 hobgoblins
  5 jackals (D:1)
  A quokka (D:3)
  13 bats
  6 giant cockroaches
  6 giant newts
  A hobgoblin zombie (D:3)
  10 kobolds
  10 rats
  2 rat skeletons (D:4)
101 creatures vanquished.

Notes
Turn   | Place    | Note
--------------------------------------------------------------
     0 | D:1      | Kashira, the Tengu Air Elementalist, began the quest for the Orb.
     0 | D:1      | Reached XP level 1. HP: 10/10 MP: 3/3
   476 | D:1      | Reached XP level 2. HP: 12/15 MP: 3/5
  1132 | D:1      | Reached XP level 3. HP: 19/19 MP: 1/7
  1961 | D:2      | Found an iron altar of Okawaru.
  1969 | D:2      | Reached XP level 4. HP: 22/24 MP: 0/9
  2010 | D:2      | Learned a level 2 spell: Swiftness
  3030 | D:3      | Reached XP level 5. HP: 28/28 MP: 10/13
  3082 | D:3      | Reached skill level 5 in Air Magic
  3567 | D:3      | Noticed Terence
  3578 | D:3      | Noticed Ijyb
  3601 | D:3      | Killed Terence
  3601 | D:3      | Reached XP level 6. HP: 28/33 MP: 3/15
  3657 | D:3      | Noticed Grinder
  3657 | D:3      | Paralysed by Grinder for 6 turns
  3694 | D:3      | Killed Ijyb
  3962 | D:3      | Paralysed by Grinder for 5 turns
  4358 | D:4      | Found a staircase to the Ecumenical Temple.
  4368 | Temple   | Entered the Ecumenical Temple
  4377 | Temple   | Became a worshipper of Qazlal Stormbringer
  4706 | D:5      | Entered Level 5 of the Dungeon
  4706 | D:5      | Noticed Duvessa
  4706 | D:5      | Noticed Dowan
  4949 | D:4      | Killed from afar by an orc priest

Action                   |  1- 3 |  4- 6 || total
-------------------------+-------+-------++-------
Melee: Unarmed           |    12 |       ||    12
       Dagger            |    14 |     4 ||    18
       Short sword       |       |     2 ||     2
 Cast: Shock             |    86 |   214 ||   300
       Swiftness         |       |     5 ||     5
Evoke: Wand              |       |     1 ||     1
  Use: Scroll            |       |     8 ||     8
 Stab: Sleeping          |     1 |       ||     1
  Eat: Chunk             |     4 |    10 ||    14
